 Dungeon Crawl Stone Soup version 0.25-a0-163-g00f8f0cddd (webtiles) character file.

Game seed: 5419725618700791368, levelgen mode: deterministic

730 RedPan the Chiller (level 7, -1/50 HPs)
             Began as a Yellow Draconian Ice Elementalist on Nov 22, 2019.
             Was a Believer of Cheibriados.
             Slain by a gnoll
             ... wielding a +0 spear
              (9 damage)
             ... on level 5 of the Dungeon.
             The game lasted 00:10:17 (5105 turns).

RedPan the Chiller (DrIE)                           Turns: 5105, Time: 00:10:17

Health: -1/50      AC:  6    Str: 14    XL:     7   Next: 44%
Magic:  6/13       EV: 13    Int: 21    God:    Cheibriados [**....]
Gold:   263        SH:  0    Dex: 16    Spells: 10/15 levels left

rFire    . . .     SeeInvis .   c - +1 dagger
rCold    . . .     Gourm    .   (no shield)
rNeg     . . .     Faith    .   (armour unavailable)
rPois    .         Spirit   .   (helmet restricted)
rElec    .         Reflect  .   (no cloak)
rCorr    +         Harm     .   (no gloves)
MR       .....                  (no boots)
Stlth    ++........             (no amulet)
HPRegen  0.16/turn              (no ring)
MPRegen  0.13/turn              (no ring)

@: very slow
A: spit acid, unfitting armour, cold-blooded, acid resistance, AC +6
a: Breathe Acid, Bend Time, Renounce Religion


You were on level 5 of the Dungeon.
You worshipped Cheibriados.
Cheibriados was pleased with you.
You were not hungry.

You visited 1 branch of the dungeon, and saw 5 of its levels.

You collected 263 gold pieces.

Inventory:

Hand Weapons
 c - a +1 dagger (weapon)
 e - a +0 flail
 i - a +0 spear
Wands
 m - a wand of polymorph (7)
Scrolls
 f - 2 scrolls of remove curse
 h - 2 scrolls of enchant armour
 k - 2 scrolls of amnesia
 l - 3 scrolls of teleportation
 o - 3 scrolls of identify
 q - a scroll of blinking
Potions
 a - a potion of curing
 d - 4 potions of heal wounds
 g - 2 potions of might
 j - 3 potions of magic
 n - a potion of haste
 r - a potion of invisibility {unknown}
Comestibles
 b - 9 rations


   Skills:
 - Level 2.0 Dodging
 - Level 2.0 Stealth
 + Level 4.5 Spellcasting
   Level 1.0 Conjurations
 + Level 3.5 Summonings
 + Level 5.4 Ice Magic
 + Level 3.2 Invocations


You had 10 spell levels left.
You knew the following spells:

 Your Spells              Type           Power        Failure   Level  Hunger
a - Freeze                Ice            ####         1%          1    None
b - Summon Ice Beast      Ice/Summ       ###.....     19%         4    ####...

Your spell library contained the following spells:

 Spells                   Type           Power        Failure   Level  Hunger
 Throw Frost              Conj/Ice       ###...       4%          2    #......
 Ozocubu's Armour         Chrm/Ice       ###.....     11%         3    ##.....
 Throw Icicle             Conj/Ice       ###.....     30%         4    ####...


Dungeon Overview and Level Annotations

Branches:
Dungeon (5/15)
 Temple: D:4-7

Altars:
Cheibriados
Ru
Trog


Innate Abilities, Weirdness & Mutations

You can spit globs of acid.
Your golden yellow scales are hard. (AC +6)
You cannot fit into any form of body armour.
You are cold-blooded and may be slowed by cold attacks.
You are resistant to acid. (rCorr)


Message History

You start resting.
You hear the brisk hiss of a distant avalanche of sand.
Okay, then.
Found a stone staircase leading down.
A gnoll comes into view. It is wielding a +0 spear.
A gnoll comes into view. It is wielding a +0 spear.
The gnoll shouts!
You hear a shout!
A gnoll comes into view.
A gnoll comes into view. It is wielding a +0 spear.
All of the chunks of flesh in your inventory have rotted away.
The gnoll closely misses you.
Casting: Freeze (safe; 1% risk of failure)
Confirm with . or Enter, or press ? or * to list all spells.
A chill wind blows around you.
The gnoll hits you from afar with a +0 spear.
* * * LOW HITPOINT WARNING * * *
You swap places.
Your ice beast closely misses the gnoll.
The gnoll hits you from afar with a +0 spear!
You die...

#..#.....#. #..).#
#((### #..#
########..#
#.........#
#.######.###### #.#
#......###########+#
#.#
######.@Ygg.g..>....
#.# ###########g..g
#.# # #.# #.# ##.##
#...# ##.#.###
>..#...###


You could see 3 gnolls and a friendly ice beast.

Vanquished Creatures
  A phantom (D:4)
  A centaur (D:5)
  A howler monkey (D:5)
  A centaur zombie (D:5)
  A bullfrog skeleton (D:4)
  2 orc wizards (D:4)
  2 iguanas (D:4)
  2 worker ants (D:5)
  7 adders
  10 gnolls
  A shadow imp (D:5)
  An ooze (D:1)
  An adder skeleton (D:5)
  2 worms
  4 dart slugs
  A leopard gecko (D:4)
  8 orcs
  3 ball pythons
  3 giant cockroaches
  11 goblins
  10 hobgoblins
  3 jackals (D:3)
  9 bats
  4 frilled lizards
  A jackal skeleton (D:4)
  5 kobolds
  A leopard gecko skeleton (D:4)
  3 rats
99 creatures vanquished.

Vanquished Creatures (collateral kills)
  2 orc priests (D:4)
  A gnoll (D:4)
  2 leopard geckos (D:4)
  An orc (D:4)
  2 jackals (D:4)
8 creatures vanquished.

Grand Total: 107 creatures vanquished

Notes
Turn   | Place    | Note
-------+----------+-------------------------------------------
     0 | D:1      | RedPan the Draconian Ice Elementalist began the quest for
                  | the Orb.
     0 | D:1      | Reached XP level 1. HP: 14/14 MP: 3/3
   438 | D:1      | Reached XP level 2. HP: 20/20 MP: 0/5
  1032 | D:1      | Reached XP level 3. HP: 20/26 MP: 2/6
  1234 | D:2      | Found a bloodstained altar of Trog.
  1474 | D:1      | Reached XP level 4. HP: 33/33 MP: 5/8
  1506 | D:1      | Learned a level 4 spell: Summon Ice Beast
  1513 | D:1      | Reached skill level 4 in Ice Magic
  1747 | D:2      | Reached skill level 1 in Summonings
  1992 | D:2      | Reached XP level 5. HP: 27/38 MP: 6/10
  2152 | D:2      | Found a snail-covered altar of Cheibriados.
  2175 | D:2      | Became a worshipper of Cheibriados the Contemplative
  2256 | D:2      | Found a sacrificial altar of Ru.
  2823 | D:3      | Reached * piety under Cheibriados
  2873 | D:3      | Reached skill level 1 in Invocations
  3414 | D:4      | Reached XP level 6. HP: 19/45 MP: 0/11
  4305 | D:4      | Reached skill level 5 in Ice Magic
  4660 | D:4      | Your scales start taking on a golden yellow colour.
  4660 | D:4      | Reached XP level 7. HP: 50/50 MP: 9/13
  4660 | D:4      | Gained mutation: You are resistant to acid. (rCorr) [Yellow
                  | Draconian growth]
  4757 | D:5      | Entered Level 5 of the Dungeon
  4776 | D:5      | Reached ** piety under Cheibriados
  5105 | D:5      | Slain by a gnoll

Levels and vault maps discovered:
D:1:      wander_arrival_chamber, layout_basic, chequers_serial_rivers_small_a
D:2:      kennysheep_the_goblin_king, layout_rooms, bloody_trog,
          lemuel_doored_altar, nicolae_ru_the_path_less_chosen
D:3:      layout_basic, first_ration
D:4:      kb_forest_paths, layout_basic, minmay_strange_pillars
D:5:      layout_loops_ring, nicolae_ossuary_entry_false_entrances,
          minmay_strange_pillars

Skill      XL: |  1  2  3  4  5  6  7 |
---------------+----------------------+-----
Dodging        | 2 |  2.0
Stealth        | 2 |  2.0
Spellcasting   | 3 4 |  4.5
Ice Magic      | 4 5 |  5.4
Summonings     | 1 2 3 |  3.5
Invocations    | 1 2 3 |  3.2
Conjurations   | |  1.0

Action                   |  1- 3 |  4- 6 |  7- 9 || total
-------------------------+-------+-------+-------++-------
Melee: Dagger            |    46 |   105 |    22 ||   173
       Unarmed           |     1 |       |       ||     1
       Tailslap          |     4 |    12 |     7 ||    23
 Cast: Freeze            |    45 |   113 |    27 ||   185
       Summon Ice Beast  |       |     2 |     1 ||     3
  Use: Scroll            |     4 |     9 |     1 ||    14
       Potion            |       |     1 |       ||     1
 Stab: Sleeping          |     2 |     4 |     1 ||     7
  Eat: Chunk             |     2 |     8 |     1 ||    11
Armor: Skin              |    37 |    65 |    15 ||   117
Dodge: Dodged            |    75 |   153 |    20 ||   248

Table legend:
 A = Non-vault XP
 B = Vault XP
 C = Vault XP percentage of total XP
 D = Non-vault monster count
 E = Vault monster count
 F = Vault count percentage of total count
                 A         B        C        D         E       F
            +---------+---------+-------+---------+---------+-------
      Total |     947 |      96 |   9.2 |      97 |      10 |   9.3
            +---------+---------+-------+---------+---------+-------
        D:1 |     103 |       6 |   5.5 |      23 |       3 |  11.5
        D:2 |     126 |       8 |   6.0 |      24 |       4 |  14.3
        D:3 |      54 |       0 |   0.0 |      19 |       0 |   0.0
        D:4 |     366 |      82 |  18.3 |      24 |       3 |  11.1
        D:5 |     298 |       0 |   0.0 |       7 |       0 |   0.0
            +---------+---------+-------+---------+---------+-------
